 Dungeon Crawl Stone Soup version 0.32-a0-30-gefbe487952 (webtiles) character file.

Game seed: 18049271734430166957

14210 anacleto the Mimic (level 11, -4/109 HPs)
             Began as a Troll Shapeshifter on Jan 19, 2024.
             Was a Believer of Qazlal.
             Slain by an ettin
             ... wielding a +0 dire flail
              (30 damage)
             ... on level 1 of the Orcish Mines.
             The game lasted 00:32:53 (10283 turns).

anacleto the Mimic (Troll Shapeshifter)            Turns: 10283, Time: 00:32:53

Health: -4/109     AC:  9    Str: 28    XL:     11   Next: 85%
Magic:  11/11      EV: 21    Int:  6    God:    Qazlal [**....]
Gold:   868        SH:  3    Dex:  9    Spells: 10/10 levels left

rFire   . .          .
                       - Unarmed
rCold   . . .        (no shield)
rNeg    . . .        k - +5 robe of Misfortune {Harm *Corrode *Slow EV+5}
rPois   .            (helmet currently unavailable)
rElec   .            y - melded scarf {harm}
rCorr   .            (gloves unavailable)
SInv    .            (boots unavailable)
Will    .....        n - amulet of the acrobat
Stlth   +            p - +5 ring of evasion
HPRegen 1.18/turn    (no ring)
MPRegen 0.12/turn

%: corrode self (3%), slow self (1%), harm (+30% outgoing, +20% incoming),
acrobat
@: beast-form
A: beast (slay +4), large, unfitting armour, claws 3, regeneration 1, shaggy fur
1, tough skin 1
a: Begin Untransformation, Renounce Religion, Upheaval


You were on level 1 of the Orcish Mines.
You worshipped Qazlal.
Qazlal was pleased with you.
You were a hulking beast.
You visited 3 branches of the dungeon, and saw 12 of its levels.
You also visited: Bailey.

You collected 1003 gold pieces.
You spent 135 gold pieces at shops.

Inventory:

Missiles
 i - 4 large rocks
 w - 13 boomerangs (quivered)
 K - 4 javelins
 Q - a throwing net
Armour
 k - the +5 robe of Misfortune (worn) {Harm *Corrode *Slow EV+5}
   (You found it on level 2 of the Dungeon)

   EV+5:      It affects your evasion (+5).
   *Corrode:  It may corrode you when you take damage.
   *Slow:     It may slow you when you take damage.
   Harm:      It increases damage dealt and taken.
 y - a scarf of harm (melded)
Jewellery
 n - an amulet of the acrobat (around neck)
 p - a +5 ring of evasion (left claw)
 C - a +6 ring of intelligence
Talismans
 c - a beast talisman (active)
 d - a flux talisman
 o - a blade talisman
Wands
 F - a wand of roots (1)
 I - a wand of polymorph (9)
 J - a wand of flame (2)
 O - a wand of digging (6)
 R - a wand of light (1)
Scrolls
 b - 2 scrolls of revelation
 e - 3 scrolls of teleportation
 h - a scroll of enchant armour
 m - a scroll of torment
 q - 3 scrolls of enchant weapon
 r - 2 scrolls of blinking
 u - a scroll of fog
 B - a scroll of fear
 D - 2 scrolls of immolation
 G - a scroll of poison
 H - a scroll of vulnerability
 S - a scroll of brand weapon
Potions
 a - 3 potions of brilliance
 f - 5 potions of haste
 g - 6 potions of heal wounds
 j - 3 potions of curing
 l - 2 potions of invisibility {unknown}
 s - a potion of magic {unknown}
 t - 2 potions of ambrosia {unknown}
 v - a potion of berserk rage {unknown}
 x - a potion of mutation {unknown}
 z - a potion of cancellation {unknown}
 A - a potion of enlightenment {unknown}
 L - 3 potions of degeneration {unknown}
 M - a potion of lignification
 N - a potion of might {unknown}
 P - a potion of attraction {unknown}


   Skills:
 + Level 7.2 Fighting
 + Level 2.2 Throwing
 + Level 7.3 Dodging
 + Level 9.1 Unarmed Combat
 + Level 2.1 Invocations
 * Level 11.5 Shapeshifting


You had 10 spell levels left.
You didn't know any spells.
Your spell library contained the following spells:

 Spells                   Type           Power      Damage    Failure   Level
 Apportation              Tloc           0%         N/A       45%         1
 Necrotise                Necr           0%         1d4       45%         1
 Slow                     Hex            0%         N/A       45%         1
 Sting                    Conj/Alch      0%         1d3       45%         1
 Summon Small Mammal      Summ           0%         N/A       45%         1
 Cigotuvi's Dreadful Rot  Necr/Alch/Air  0%         N/A       58%         2
 Ensorcelled Hibernation  Hex/Ice        0%         N/A       58%         2
 Jinxbite                 Hex            0%         N/A       58%         2
 Lesser Beckoning         Tloc           0%         N/A       58%         2
 Fugue of the Fallen      Necr           0%         N/A       83%         3
 Gell's Gravitas          Tloc           0%         N/A       83%         3
 Sigil of Binding         Hex            0%         N/A       83%         3
 Teleport Other           Tloc           0%         N/A       83%         3
 Anguish                  Hex/Necr       0%         N/A       99%         4
 Ignite Poison            Fire/Alch      0%         N/A       99%         4
 Freezing Cloud           Conj/Ice/Air   0%         6-21      100%        5
 Iskenderun's Battlesphe  Conj           0%         2d6       100%        5
 Bombard                  Conj/Erth      0%         9d1       100%        6
 Dispersal                Tloc           0%         N/A       100%        6
 Spellforged Servitor     Conj/Summ      0%         N/A       100%        7
 Chain Lightning          Conj/Air       0%         N/A       100%        9
 Fire Storm               Conj/Fire      0%         5d1       100%        9
 Shatter                  Erth           0%         3d5*      100%        9


Dungeon Overview and Level Annotations

Branches:
Dungeon (10/15)            Temple (1/1) D:5            Lair (0/5) D:8
    Orc (1/2) D:10         Bailey (visited)

Altars:
Ashenzari
Cheibriados
Dithmenos
Elyvilon
Fedhas
Gozag
Hepliaklqana
Kikubaaqudgha
Makhleb
Nemelex Xobeh
Okawaru
Qazlal
Ru
Sif Muna
Trog
Uskayaw
Vehumet
Wu Jian
Xom
Yredelemnul
Zin
The Shining One

Shops:
D:1 *   D:5 *:   D:9 [

Portals:
Trove: D:10 (give +5 ice dragon scales)

Annotations:
D:6 1 runed translucent door, Curundu's ghost, novice MiBe
D:9 1 runed translucent door, Azoth's ghost, novice DENe
Orc:1 1 runed translucent door, Splishie's ghost, novice GnSh


Innate Abilities, Weirdness & Mutations

You are a hulking beast.
Your limbs bulge with bestial killing power. (Slay +4)
You are too large for most types of armour.
You have claws for hands.
Your natural rate of healing is unusually fast.
You are covered in fur. (AC +1)
You have tough skin. (AC +1)


Message History

The orc knight is heavily wounded.
The orc knight is engulfed in freezing vapours.
The orc knight closely misses you.
You mangle the orc knight!!
You kill the orc knight!
Qazlal accepts your kill.
You start resting.
HP restored.
You start waiting.
Done waiting.
Items here: ))) [[ †.
There is a staircase to the Orcish Mines here.
You climb downwards.
Welcome back to the Orcish Mines!
Level annotation: 1 runed translucent door, Splishie's ghost, novice GnSh
There is a staircase back to the Dungeon, spattered with blood here.
Aiming: Bolt of Light
Press: ? - help, Shift-Dir - straight line, f - ettin
Aim: an ettin, wielding two +0 dire flails (94% to hit)
The bolt of light hits the ettin.
The ettin is lightly wounded.
The ettin is blinded.
You scratch the ettin.
The ettin is lightly wounded.
The ettin closely misses you.
The ettin hits you with a +0 dire flail!!
You mangle the ettin!!
The ettin is heavily wounded.
The ettin hits you with a +0 dire flail!!
The ettin barely misses you.
You claw the ettin!
The ettin is severely wounded.
The ettin hits you with a +0 dire flail!
* * * LOW HITPOINT WARNING * * *
The ettin closely misses you.
You scratch the ettin but do no damage.
The ettin is severely wounded.
You claw the ettin!
The ettin is almost dead.
The ettin hits you with a +0 dire flail!!
You die...

#..#......# #
##...#....## ###
#...#...########..
#.......####..#...
##.......#.....#..
#....[#.#.........
##..[#####........
##C..## ##.......
#h....# ##.##...
##)#.## ##.#....
##### #...#..#
##.##### #######
##.#. #.... ##...
##...


You could see an ettin (blind, unable to see you).

Vanquished Creatures
  2 vault guards (Bailey)
  3 death yaks
  Nergalle (D:10)
  An orc knight (D:10)
  A cyclops (D:9)
  A gargoyle (D:10)
  An unseen horror (D:10)
  A hornet (D:10)
  Prince Ribbit (Bailey)
  A shadow (D:8)
  2 wraiths
  24 yaks
  3 humans (Bailey)
  4 steam dragons
  A water moccasin (D:7)
  An ice beast (D:5)
  7 orc warriors
  A sky beast (D:7)
  An ogre (D:2)
  4 centaurs
  A kobold brigand (D:9)
  18 bullfrogs
  2 scorpions
  4 wights (D:10)
  6 killer bees (D:9)
  2 howler monkeys (D:9)
  A jelly (D:7)
  5 orc priests
  A gnoll bouda (D:10)
  3 iguanas (D:5)
  11 orc wizards
  A hell rat (D:8)
  4 adders
  3 river rats (D:8)
  18 gnolls
  A shadow imp (D:5)
  A white imp (D:4)
  3 dart slugs
  55 orcs
  7 ball pythons
  4 endoplasms
  5 giant cockroaches
  12 goblins
  9 hobgoblins
  6 jackals
  6 quokkas
  7 bats
  5 frilled lizards
  6 kobolds
  26 rats
294 creatures vanquished.

Notes
Turn   | Place    | Note
-------+----------+-------------------------------------------
     0 | D:1      | anacleto the Troll Shapeshifter began the quest for the
                  | Orb.
     0 | D:1      | Reached XP level 1. HP: 18/18 MP: 0/0
   153 | D:1      | Reached skill level 1 in Fighting
   172 | D:1      | Reached XP level 2. HP: 27/27 MP: 1/1
   279 | D:1      | Reached XP level 3. HP: 33/33 MP: 2/2
   366 | D:1      | Found Geliam's General Store.
   374 | D:1      | Bought a scroll of identify for 20 gold pieces
   374 | D:1      | Bought a scroll of identify for 20 gold pieces
  1161 | D:2      | Reached XP level 4. HP: 41/41 MP: 3/3
  1279 | D:2      | Found a broken altar of Ashenzari.
  1511 | D:2      | Found the +5 robe of Misfortune {Harm *Corrode *Slow EV+5}
  1523 | D:2      | Noticed an ogre
  1531 | D:2      | Killed an ogre
  1532 | D:2      | Reached skill level 4 in Shapeshifting
  1532 | D:2      | Reached XP level 5. HP: 12/49 MP: 4/4
  2103 | D:3      | Found a glowing golden altar of the Shining One.
  2145 | D:3      | Found an ancient bone altar of Kikubaaqudgha.
  2192 | D:3      | Found a faded altar of an unknown god.
  2411 | D:3      | Reached XP level 6. HP: 53/57 MP: 5/5
  2428 | D:4      | Found a radiant altar of Vehumet.
  2526 | D:4      | Found a sparkling altar of Nemelex Xobeh.
  2528 | D:4      | Found a hazy altar of Hepliaklqana.
  3069 | D:5      | Entered Level 5 of the Dungeon
  3171 | D:5      | Found Qeosunug's Overcharged Wands.
  3213 | D:5      | Found a staircase to the Ecumenical Temple.
  3331 | D:5      | Found Yzxilud's Book Emporium.
  3421 | D:5      | Reached skill level 5 in Shapeshifting
  3504 | D:6      | Noticed an ice beast
  3524 | D:5      | Killed an ice beast
  3525 | D:5      | Reached XP level 7. HP: 66/66 MP: 6/6
  3924 | D:6      | Noticed a steam dragon
  3952 | D:6      | Killed a steam dragon
  3991 | D:6      | Found a runed translucent door.
  3991 | D:6      | Noticed Curundu's ghost (novice MiBe)
  4116 | D:5      | Reached skill level 6 in Shapeshifting
  4210 | D:6      | Reached skill level 5 in Unarmed Combat
  4210 | D:6      | Reached XP level 8. HP: 75/75 MP: 7/7
  5452 | D:7      | Reached skill level 7 in Shapeshifting
  5590 | D:8      | Reached XP level 9. HP: 81/85 MP: 8/8
  5617 | D:8      | Noticed a death yak
  5618 | D:8      | Found a staircase to the Lair.
  5618 | D:8      | Noticed a death yak
  5618 | D:8      | Noticed a death yak
  5648 | D:8      | Found a flagged portal.
  5657 | Bailey   | Entered a bailey
  5722 | Bailey   | Reached skill level 8 in Shapeshifting
  5743 | Bailey   | Reached skill level 5 in Dodging
  5812 | Bailey   | Reached skill level 5 in Fighting
  5827 | Bailey   | Noticed a vault guard
  5828 | Bailey   | Noticed Prince Ribbit
  5851 | Bailey   | Killed a vault guard
  5852 | Bailey   | Reached skill level 9 in Shapeshifting
  5852 | Bailey   | Reached XP level 10. HP: 84/96 MP: 9/9
  5853 | Bailey   | Killed Prince Ribbit
  5942 | Bailey   | Noticed a vault guard
  5955 | Bailey   | Killed a vault guard
  6195 | Temple   | Entered the Ecumenical Temple
  6276 | Temple   | Became a worshipper of Qazlal Stormbringer
  6695 | D:9      | Reached skill level 10 in Shapeshifting
  6732 | D:9      | Noticed a cyclops
  6736 | D:9      | Found Osawnox's Armour Shop.
  6768 | D:8      | Reached * piety under Qazlal
  6903 | D:8      | Killed a death yak
  7107 | D:7      | Killed a death yak
  7108 | D:7      | Reached XP level 11. HP: 50/107 MP: 10/10
  7174 | D:7      | Killed a death yak
  7588 | D:9      | Reached skill level 11 in Shapeshifting
  7634 | D:9      | Found a runed translucent door.
  7768 | D:9      | Found a shimmering altar of Xom.
  7768 | D:9      | Noticed a +1 war axe of chaos
  7768 | D:9      | Noticed Azoth's ghost (novice DENe)
  7966 | D:10     | Entered Level 10 of the Dungeon
  8007 | D:10     | Found a staircase to the Orcish Mines.
  8165 | D:10     | Identified the +0 scale mail of the Weaver {rC+ rCorr MP-9
                  | Str+3}
  8259 | D:10     | Reached ** piety under Qazlal
  8365 | D:10     | Reached skill level 1 in Throwing
  8411 | D:10     | Noticed Nergalle
  8419 | D:10     | Killed Nergalle
  8420 | D:10     | Reached skill level 1 in Invocations
  8428 | Orc:1    | Entered Level 1 of the Orcish Mines
  8658 | D:1      | Bought a scroll of identify for 20 gold pieces
  8658 | D:1      | Bought a scroll of revelation for 75 gold pieces
  9408 | D:10     | Got the Papyrus of the Sphinx
  9521 | D:10     | Found a portal to a secret trove of treasure.
  9796 | Orc:1    | Found a runed translucent door.
  9801 | Orc:1    | Noticed Splishie's ghost (novice GnSh)
  9926 | Orc:1    | Noticed an orc knight
 10150 | Orc:1    | Noticed an ettin
 10155 | D:10     | Killed an orc knight
 10283 | Orc:1    | Slain by an ettin

Illustrated notes

Levels and vault maps discovered:
D:1:      zelgadis_glass_arrival_large, layout_basic, serial_shops, shop,
          corexii_corridor_pit, minmay_tall_x
D:2:      layout_loops_ring, basic_altar, minmay_rat_hole
D:3:      layout_rooms, nicolae_kikubaaqudgha_miasma_corner, tso_altar,
          hellmonk_ecumenical_altar_leap_of_faith
D:4:      layout_loops_ring, vehumet_crystals,
          chequers_temple_overflow_statue_of_worship, grunt_decor_mini_mirrors,
          kennysheep_generic_room_5
D:5:      layout_basic, minmay_temple_entry_wispy, serial_shops,
          nicolae_shop_just_a_little_nook, nicolae_shop_overcharged_wands
D:6:      layout_rooms, hellmonk_ghost_happy_afterlife, skrybe_limestone_x
D:7:      layout_layer_cave
D:8:      layout_basic, dpeg_lair_monsters, enter_bailey_3
D:9:      layout_rooms, ebering_ghost_xom, serial_shops, shop
D:10:     layout_loops_ring, hiddenorc2_lemuel, nicolae_trove_entry_columns,
          uniq_nergalle
Temple:   minmay_temple_bridge_d
Orc:1:    orc_temple, layout_caves, serial_shops, nicolae_shop_back_alley_shop,
          ebering_ghost_inner_flame

Skill      XL: |  1  2  3  4  5  6  7  8  9 10 11 |
---------------+----------------------------------+-----
Fighting       | 1 2 3 4 5 6 7 |  7.2
Dodging        | 2 3 4 5 6 7 |  7.3
Shapeshifting  | 4 5 6 7 9 10 11 | 11.5
Unarmed Combat | 4 5 6 7 8 9 |  9.1
Throwing       | 2 |  2.2
Invocations    | 2 |  2.1

Action                     |  1- 3 |  4- 6 |  7- 9 | 10-12 || total
---------------------------+-------+-------+-------+-------++-------
  Melee: Unarmed           |   119 |    92 |   183 |   307 ||   701
         Punch             |     1 |     2 |     8 |    18 ||    29
  Throw: Throwing net      |       |     1 |     1 |       ||     2
         Boomerang         |       |       |       |    18 ||    18
 Invoke: Upheaval          |       |       |       |     1 ||     1
Ability: Begin Untransform |       |     1 |       |     1 ||     2
  Evoke: Wand              |       |       |     3 |    16 ||    19
    Use: Scroll            |     2 |     6 |     4 |    11 ||    23
         Potion            |       |       |     1 |     2 ||     3
   Stab: Sleeping          |     2 |       |       |       ||     2
 Armour: Animal skin       |   106 |    27 |       |       ||   133
         Robe              |       |    36 |    87 |   104 ||   227
         Skin              |       |       |    21 |     2 ||    23
  Dodge: Dodged            |    91 |    91 |   227 |   287 ||   696
  Block: Other             |       |       |       |    16 ||    16
   Form: Beast             |       |     1 |       |     1 ||     2

Table legend: (Time is in decaauts)
 A = Elapsed time spent in this place.
 B = Non-inter-level travel time spent in this place.
 C = Inter-level travel time spent in this place.
 D = Time resting spent in this place.
 E = Time spent auto-exploring this place.
 F = Levels seen in this place.
 G = Mean time per level.
                   A        B        C        D        E       F      G
               +--------+--------+--------+--------+--------+-----+--------+
         Total |  10239 |   9101 |   1138 |    904 |   5510 |  13 |  787.6 |
       Dungeon |   9424 |   8393 |   1031 |    852 |   5259 |  10 |  942.4 |
        Temple |    153 |     57 |     96 |      0 |      0 |   1 |  153.0 |
  Orcish Mines |    309 |    299 |     10 |      0 |    149 |   1 |  309.0 |
        Bailey |    352 |    352 |      0 |     52 |    102 |   1 |  352.0 |
               +--------+--------+--------+--------+--------+-----+--------+

Top non-repeatable levels by time:
     D:7: 1577 daAuts
    D:10: 1483 daAuts
     D:8: 1040 daAuts
     D:2: 1017 daAuts
     D:1: 894 daAuts
     D:5: 809 daAuts
     D:4: 718 daAuts
     D:9: 628 daAuts
     D:6: 628 daAuts
     D:3: 626 daAuts
  Bailey: 352 daAuts
   Orc:1: 309 daAuts
  Temple: 153 daAuts
